 Dungeon Crawl Stone Soup version 0.23-a0-8-gb809bb70e4 (webtiles) character file.

1304 Htamos the Scholar of Death (level 8, 39/39 HPs)
             Began as a Felid Necromancer on Aug 1, 2018.
             Was a Follower of Kikubaaqudgha.
             Quit the game on level 8 of the Dungeon.
             The game lasted 00:38:45 (15977 turns).

Htamos the Scholar of Death (Felid Necromancer)    Turns: 15977, Time: 00:38:45

Health: 39/39      AC:  2    Str:  7    XL:     8   Next: 31%
Magic:  13/13      EV: 22    Int: 20    God:    Kikubaaqudgha [*.....]
Gold:   353        SH:  2    Dex: 16    Spells: 0/16 levels left
                                        Lives:  0   Deaths: 2

rFire    . . .     SeeInvis +     - Unarmed
rCold    . . .     Gourm    .   (shield unavailable)
rNeg     . . .     Faith    .   (armour unavailable)
rPois    +         Spirit   .   (helmet unavailable)
rElec    .         Reflect  +   (cloak unavailable)
rCorr    .         Harm     .   (gloves unavailable)
MR       +....                  (boots unavailable)
Stlth    ++++......             i - +2 amulet of reflection
HPRegen  0.13/turn              e - +3 ring of strength
MPRegen  0.13/turn              r - ring of poison resistance

@: quick
A: very small, no armour, no weapons or thrown items, stealth, claws 1, fangs 3,
see invisible, carnivore, speed 1, low mp 2, poison resistance, shaggy fur 2,
slow metabolism 1, sharp paws
a: Receive Corpses, Renounce Religion


You were on level 8 of the Dungeon.
You worshipped Kikubaaqudgha.
Kikubaaqudgha was aware of your devotion.
You were not hungry.

You visited 2 branches of the dungeon, and saw 9 of its levels.

You collected 353 gold pieces.

Inventory:

Jewellery
 e - a +3 ring of strength (left paw)
 i - a +2 amulet of reflection (around neck)
 r - a ring of poison resistance (right paw)
Wands
 u - a wand of digging (8)
Scrolls
 c - a scroll of remove curse
 d - 2 scrolls of blinking {unknown}
 h - 2 scrolls of teleportation
 j - a scroll of amnesia
 k - a scroll of fog {unknown}
 l - a scroll of acquirement {unknown}
 m - a scroll of enchant armour {unknown}
 n - 4 scrolls of identify
 p - a scroll of immolation {unknown}
 q - a scroll of fear {unknown}
 w - a scroll of magic mapping {unknown}
Potions
 f - a potion of degeneration {unknown}
Comestibles
 b - 12 rations


   Skills:
 * Level 6.9 Fighting
 + Level 6.9 Dodging
 + Level 7.5 Stealth
 + Level 4.8 Unarmed Combat
 + Level 4.8 Spellcasting
 * Level 8.2 Necromancy


You couldn't memorise any spells.
You knew the following spells:

 Your Spells              Type           Power        Failure   Level  Hunger
a - Pain                  Necr           ####         1%          1    None
b - Regeneration          Chrm/Necr      ###.......   6%          3    ##.....
c - Vampiric Draining     Necr           #####.....   1%          3    ##.....
d - Magic Dart            Conj           #...         12%         1    None
e - Blink                 Tloc           N/A          19%         2    #......
f - Animate Dead          Necr           N/A          3%          4    ####...
g - Sublimation of Blood  Necr           #####.....   1%          2    #......

Your spell library contained the following spells:

 Spells                   Type           Power        Failure   Level  Hunger
 Conjure Flame            Conj/Fire      #.......     34%         3    ##.....
 Slow                     Hex            #.......     19%         2    #......
 Mephitic Cloud           Conj/Pois/Air  #.......     34%         3    ##.....
 Animate Skeleton         Necr           N/A          1%          1    None
 Call Imp                 Summ           #.......     19%         2    #......
 Corpse Rot               Necr           N/A          1%          2    #......


Dungeon Overview and Level Annotations

Branches:
Dungeon (8/15)             Temple (1/1) D:5
   Lair: D:8-11

Altars:
Elyvilon
Fedhas
Gozag
Hepliaklqana
Kikubaaqudgha
Makhleb
Nemelex Xobeh
Okawaru
Uskayaw
Vehumet
Wu Jian
Xom
Zin

Annotations:
D:6 Menkaure


Innate Abilities, Weirdness & Mutations

You cannot wear armour.
You are incapable of wielding weapons or throwing items.
Your paws allow you to move quietly. (Stealth)
You have sharp claws.
You have razor-sharp teeth.
You have supernaturally acute eyesight. (SInv)
You are carnivorous and can eat meat at any time.
You cover ground quickly.
You are covered in thick fur. (AC +2)
You have a slow metabolism.
Your sharp claws are effective at attacking unaware monsters.
Your magical capacity is very low. (-20% MP)
Your system is resistant to poisons. (rPois)


Message History

Aiming: Pain (safe; 1% risk of failure)
Press: ? - help, Shift-Dir - straight line, f/p - two-headed ogre
Aim: a two-headed ogre, wielding a giant club and a dire flail (lightly wounded, chance to defeat MR: 71%)
The two-headed ogre writhes in agony!
You see here an arrow.
The centaur shoots an arrow.
The arrow hits you!
You see here an arrow.
The centaur shoots an arrow.
The arrow hits you!
* * * LOW HITPOINT WARNING * * *
The centaur unwields an uncursed shortbow.
The centaur hits you.
* * * LOW HITPOINT WARNING * * *
Unknown command.
The centaur wields an uncursed shortbow.
The centaur shoots an arrow.
The arrow hits you!
You die...
You are now level 8!
You rejoin the land of the living...
You can't grasp things well enough to throw them.
Are you sure you want to abandon this character and quit the game? (Confirm with "yes".)

#..##.###(#.##.##.............#
#..##.# #r#.##.##.#.>..#.######
#..##.###.#.##.##.#..#.#.#
#..##.#...#.##.......#.#..
#..##.r...#.. ......#.###.
#..####.#.# ###.####.# .. #..#
#.#.# #. #.. #. #..# #.#.#
#####.# #..####.#.# #.@...#
#.......... #.#####
##.####.#.##.# #.. ......# ###
..# #.# ##


There were no monsters in sight!

Vanquished Creatures
  A two-headed ogre (D:7)
  An unseen horror (D:7)
  2 hippogriffs (D:7)
  An orc warrior (D:5)
  2 sky beasts
  An ice beast (D:5)
  2 ogres (D:7)
  A big kobold (D:7)
  2 bullfrogs
  A wyvern zombie (D:8)
  2 scorpions
  2 howler monkeys
  A crimson imp (D:4)
  A quasit (D:5)
  A jelly (D:5)
  5 hounds
  A bullfrog skeleton (D:7)
  4 orc priests
  8 orc wizards
  An iguana (D:4)
  Ijyb (D:5)
  Jessica (D:2)
  Natasha (thrice) (D:2)
  A worker ant zombie (D:7)
  9 gnolls
  3 adders
  A shadow imp (D:5)
  An ooze (D:4)
  An adder zombie (D:5)
  2 worms
  4 dart slugs
  3 leopard geckos
  28 orcs
  7 giant cockroaches
  A goblin (D:2)
  9 hobgoblins
  4 jackals (D:1)
  A quokka (D:5)
  5 bats
  7 frilled lizards
  A jackal skeleton (D:4)
  8 kobolds
  3 leopard gecko skeletons
  A quokka skeleton (D:7)
  12 rats
157 creatures vanquished.

Vanquished Creatures (collateral kills)
  An ice beast (D:7)
1 creature vanquished.

Grand Total: 158 creatures vanquished

Notes
Turn   | Place    | Note
-------+----------+-------------------------------------------
     0 | D:1      | Htamos the Felid Necromancer began the quest for the Orb.
     0 | D:1      | Reached XP level 1. HP: 7/7 MP: 4/4
   777 | D:1      | Reached XP level 2. HP: 10/12 MP: 3/6
  1745 | D:2      | Found a sparkling altar of Nemelex Xobeh.
  1882 | D:2      | Reached skill level 1 in Fighting
  2063 | D:2      | Reached XP level 3. HP: 11/15 MP: 2/7
  2202 | D:2      | Learned a level 3 spell: Regeneration
  2882 | D:2      | Found a blossoming altar of Fedhas.
  2885 | D:2      | Found an ornate altar of the Wu Jian Council.
  3021 | D:2      | Noticed Natasha
  3049 | D:2      | Killed Natasha
  3049 | D:2      | Reached XP level 4. HP: 14/19 MP: 0/8
  3144 | D:2      | Found a burning altar of Makhleb.
  3148 | D:2      | Reached skill level 1 in Unarmed Combat
  3256 | D:2      | Noticed Jessica
  3261 | D:2      | Killed Jessica
  3261 | D:2      | Reached XP level 5. HP: 19/22 MP: 5/9
  3347 | D:2      | Found a sparkling altar of Nemelex Xobeh.
  3441 | D:2      | Found an ornate altar of the Wu Jian Council.
  3443 | D:2      | Found a blossoming altar of Fedhas.
  3443 | D:2      | Noticed Natasha
  3454 | D:2      | Killed Natasha
  3592 | D:2      | Noticed Natasha
  3616 | D:2      | Killed Natasha
  3887 | D:3      | Reached skill level 5 in Necromancy
  4309 | D:3      | Gained mutation: You are covered in thick fur. (AC +2) [Felid growth]
  4309 | D:3      | Reached XP level 6. HP: 19/27 MP: 2/11
  5761 | D:4      | Learned a level 3 spell: Vampiric Draining
  5763 | D:4      | Learned a level 1 spell: Magic Dart
  5766 | D:4      | Learned a level 2 spell: Blink
  6225 | D:4      | Reached XP level 7. HP: 29/31 MP: 8/12
  6504 | D:4      | Found an iron altar of Okawaru.
  7014 | D:5      | Entered Level 5 of the Dungeon
  7026 | D:5      | Found a staircase to the Ecumenical Temple.
  7051 | Temple   | Entered the Ecumenical Temple
  7073 | Temple   | Became a worshipper of Kikubaaqudgha
  7936 | D:5      | Reached skill level 5 in Stealth
  8053 | D:5      | Reached skill level 6 in Necromancy
  8271 | D:5      | Noticed Ijyb
  8375 | D:5      | Killed Ijyb
  9325 | D:6      | Noticed Menkaure
  9716 | D:5      | Reached skill level 5 in Dodging
  9716 | D:5      | Reached XP level 8. HP: 23/36 MP: 0/14
 12416 | D:5      | Found a shimmering altar of Xom.
 12677 | D:7      | Reached skill level 5 in Fighting
 13255 | D:7      | Noticed a hippogriff
 13340 | D:7      | Killed a hippogriff
 13340 | D:7      | Reached skill level 7 in Necromancy
 13703 | D:7      | Found a hide-covered altar of Uskayaw.
 13850 | D:7      | Learned a level 4 spell: Animate Dead
 13898 | D:7      | Reached XP level 9. HP: 31/41 MP: 11/16
 13995 | D:7      | Noticed an unseen horror
 14010 | D:7      | Gained mutation: Your magical capacity is low. (-10% MP) [potion of mutation]
 14010 | D:7      | Gained mutation: Your magical capacity is very low. (-20% MP) [potion of mutation]
 14010 | D:7      | Gained mutation: Your system is resistant to poisons. (rPois) [potion of mutation]
 14011 | D:7      | Slain by an unseen horror
 14012 | D:7      | Reached XP level 8. HP: -1/38 MP: 7/12
 14059 | D:7      | Noticed a hippogriff
 14110 | D:7      | Killed a hippogriff
 14227 | D:7      | Killed an unseen horror
 14458 | D:7      | Reached * piety under Kikubaaqudgha
 14458 | D:7      | Identified Kikubaaqudgha's Tome of Sinister Magic (Kikubaaqudgha gifted it to you on level 7 of the Dungeon)
 14458 | D:7      | Received a gift from Kikubaaqudgha
 15076 | D:8      | Learned a level 2 spell: Sublimation of Blood
 15105 | D:8      | Noticed a two-headed ogre
 15631 | D:7      | Killed a two-headed ogre
 15631 | D:7      | Reached skill level 8 in Necromancy
 15631 | D:7      | Reached XP level 9. HP: 36/42 MP: 5/14
 15741 | D:8      | Noticed a two-headed ogre
 15976 | D:8      | Shot with an arrow by a centaur
 15977 | D:8      | Reached XP level 8. HP: -1/39 MP: 11/13
 15977 | D:8      | Quit the game

Vault maps used:
D:1:      sevenhm_arrival_forest_fort_small_3
D:2:      old_standard_altar, grunt_temple_overflow_open, first_ration,
          makhleb_heckhound_becter, uniq_natasha, uniq_jessica
D:4:      okawaru_altar_gauntlet_db
D:5:      minmay_temple_entry_statues_fountains, led_xom_imps, uniq_ijyb
D:6:      uniq_menkaure
D:7:      kb_forest_paths, kennysheep_mini
D:8:      lemuel_crystal_altar, serial_shops, nicolae_shop_trees
Temple:   eino_temple_water

Skill      XL: |  1  2  3  4  5  6  7  8 |
---------------+-------------------------+-----
Dodging        | 3 4 5 6 |  6.9
Stealth        | 3 4 5 7 |  7.5
Fighting       | 1 2 3 4 6 |  6.9
Unarmed Combat | 1 2 3 4 |  4.8
Necromancy     | 5 6 8 |  8.2
Spellcasting   | 3 4 |  4.8

Action                   |  1- 3 |  4- 6 |  7- 9 || total
-------------------------+-------+-------+-------++-------
Melee: Unarmed           |    15 |     3 |   215 ||   233
       Bite              |     1 |       |    12 ||    13
       Punch             |       |       |     1 ||     1
 Cast: Pain              |    77 |   117 |   285 ||   479
       Regeneration      |     3 |     3 |     3 ||     9
       Magic Dart        |       |    15 |   170 ||   185
       Vampiric Draining |       |       |     4 ||     4
       Blink             |       |       |     3 ||     3
       Animate Dead      |       |       |     1 ||     1
  Use: Scroll            |     2 |       |     4 ||     6
       Potion            |     1 |       |    11 ||    12
 Stab: Sleeping          |       |       |     1 ||     1
  Eat: Chunk             |    13 |     6 |    25 ||    44
Armor: Skin              |       |       |    35 ||    35
Dodge: Dodged            |    22 |    29 |   344 ||   395
Block: Other             |     3 |     2 |    26 ||    31
       Reflection        |       |       |     3 ||     3

Table legend:
 A = Spawn XP
 B = Non-spawn XP
 C = Spawn XP percentage of total XP
 D = Spawn monster count
 E = Non-spawn monster count
 F = Spawn count percentage of total count
 G = Total turns spent on level
                    A         B        C        D         E        F      G
               +---------+---------+-------+---------+---------+-------+---------
         Total |       0 |    5065 |   0.0 |       0 |     158 |   0.0 | 15977
               +---------+---------+-------+---------+---------+-------+---------
           D:1 |       0 |      28 |   0.0 |       0 |      17 |   0.0 |  1652
           D:2 |       0 |     250 |   0.0 |       0 |      28 |   0.0 |  2774
           D:3 |       0 |     235 |   0.0 |       0 |      26 |   0.0 |  1084
           D:4 |       0 |     432 |   0.0 |       0 |      26 |   0.0 |  3533
           D:5 |       0 |     749 |   0.0 |       0 |      23 |   0.0 |  3223
           D:6 |       0 |      90 |   0.0 |       0 |       3 |   0.0 |   175
           D:7 |       0 |    3201 |   0.0 |       0 |      34 |   0.0 |  3035
           D:8 |       0 |      80 |   0.0 |       0 |       1 |   0.0 |   460
               +---------+---------+-------+---------+---------+-------+---------
